[ AOE2 MATCH · #484366118 ]
1v1 RMBurgundians vs Turks
Player's team · LOSS
Rival team · WIN
[ REPLAY ANALYSIS · EXTRACTED FROM THE RECORDED GAME ]
Feudal
12:10
Castle
16:07
Imperial
—
| APM avg | 22.8 |
| APM peak | 58 |
| eAPM avg | 9.3 |
| Villagers / military | 41 / 12 |
Focus
⚔️ 12.2% · 🌾 87.8%
Skirmisher ×7 · Spearman ×3 · Knight ×2
Feudal
10:01
Castle
14:43
Imperial
—
| APM avg | 30.6 |
| APM peak | 80 |
| eAPM avg | 12.6 |
| Villagers / military | 39 / 9 |
Focus
⚔️ 19.1% · 🌾 80.9%
Janissary ×8 · Mangonel ×1
Match map
Initial resources + every placement click. Lines = walls · curves = elevation contours. ◆ gold · ⬟ stone · ● berries · ✦ relic · ◌ wall gap
Your base· ✓ Closed at 16:07 · 0t walls · 2 gate(s)
Dragon--Dark's base· ✓ Closed at 14:43 · 0t walls · 3 gate(s)
Smoothed initial terrain · ◌ = detected wall gap · hover for details
Inputs per minute
— CryAndDie - - Dragon--Dark
Build order — CryAndDie
95 actions detected in the replay
| 0:00 | Create | Villager (Male) |
| 0:01 | Create | Villager (Male) |
| 0:01 | Create | Villager (Male) |
| 0:02 | Build | House |
| 0:07 | Build | House |
| 0:41 | Create | Villager (Male) |
| 2:00 | Build | Lumber Camp |
| 2:05 | Create | Villager (Male) |
| 2:05 | Create | Villager (Male) |
| 2:06 | Create | Villager (Male) |
| 2:17 | Create | Villager (Male) |
| 3:08 | Create | Villager (Male) |
| 3:41 | Create | Villager (Male) |
| 3:42 | Create | Villager (Male) |
| 4:07 | Create | Villager (Male) |
| 4:14 | Build | House |
| 4:15 | Build | House |
| 4:41 | Build | Mill |
| 4:44 | Build | House |
| 4:52 | Create | Villager (Male) |
| 4:53 | Create | Villager (Male) |
| 5:30 | Research | Double-Bit Axe |
| 5:38 | Create | Villager (Male) |
| 5:57 | Create | Villager (Male) |
| 6:08 | Build | Farm |
| 6:33 | Create | Villager (Male) |
| 6:45 | Build | Farm |
| 6:57 | Create | Villager (Male) |
| 7:30 | Create | Villager (Male) |
| 7:30 | Create | Villager (Male) |
| 7:48 | Create | Villager (Male) |
| 7:49 | Create | Villager (Male) |
| 7:49 | Create | Villager (Male) |
| 7:49 | Create | Villager (Male) |
| 9:17 | Build | Mining Camp |
| 9:21 | Research | Feudal Age |
| 10:09 | Build | Barracks |
| 10:11 | Build | House |
| 10:47 | Create | Villager (Male) |
| 10:47 | Create | Villager (Male) |
| 10:48 | Create | Villager (Male) |
| 11:49 | Research | Horse Collar |
| 12:10 | Age | Feudal Age |
| 12:14 | Build | Archery Range |
| 12:20 | Build | Blacksmith |
| 12:21 | Research | Heavy Plow |
| 13:07 | Build | Farm |
| 13:09 | Build | Farm |
| 13:11 | Build | Farm |
| 13:12 | Build | Farm |
| 13:17 | Build | Farm |
| 13:19 | Build | Farm |
| 13:27 | Research | Castle Age |
| 13:31 | Build | Farm |
| 14:05 | Research | Bow Saw |
| 14:17 | Create | Spearman |
| 14:34 | Research | Stone Mining |
| 14:59 | Research | Wheelbarrow |
| 16:07 | Age | Castle Age |
| 16:10 | Build | Town Center |
| 16:27 | Build | Town Center |
| 16:38 | Research | Town Watch |
| 16:49 | Build | Farm |
| 17:02 | Build | Farm |
| 17:12 | Create | Villager (Male) |
| 17:12 | Create | Villager (Male) |
| 17:30 | Build | Farm |
| 17:44 | Create | Villager (Male) |
| 17:44 | Create | Villager (Male) |
| 17:44 | Create | Villager (Male) |
| 17:45 | Create | Villager (Male) |
| 17:45 | Create | Villager (Male) |
| 17:58 | Create | Villager (Male) |
| 18:06 | Build | Stable |
| 18:08 | Create | Spearman |
| 18:11 | Create | Villager (Male) |
| 18:11 | Create | Villager (Male) |
| 18:27 | Create | Villager (Male) |
| 18:30 | Create | Spearman |
| 18:35 | Create | Skirmisher |
| 18:36 | Create | Skirmisher |
| 18:55 | Create | Skirmisher |
| 19:02 | Create | Villager (Male) |
| 19:02 | Create | Villager (Male) |
| 19:09 | Build | House |
| 19:10 | Build | House |
| 19:11 | Build | House |
| 19:12 | Build | House |
| 19:16 | Create | Skirmisher |
| 19:37 | Create | Skirmisher |
| 19:38 | Create | Skirmisher |
| 19:39 | Create | Villager (Male) |
| 19:55 | Create | Skirmisher |
| 20:00 | Create | Knight |
| 20:00 | Create | Knight |
Build order — Dragon--Dark
88 actions detected in the replay
| 0:02 | Create | Villager (Male) |
| 0:02 | Create | Villager (Male) |
| 0:02 | Create | Villager (Male) |
| 0:02 | Create | Villager (Male) |
| 0:04 | Build | House |
| 0:06 | Build | House |
| 0:09 | Build | House |
| 1:35 | Create | Villager (Male) |
| 1:35 | Create | Villager (Male) |
| 2:18 | Create | Villager (Male) |
| 2:33 | Build | Lumber Camp |
| 2:44 | Create | Villager (Male) |
| 3:14 | Create | Villager (Male) |
| 3:15 | Create | Villager (Male) |
| 3:19 | Build | House |
| 3:57 | Build | House |
| 4:02 | Build | House |
| 4:22 | Create | Villager (Male) |
| 4:23 | Create | Villager (Male) |
| 4:59 | Create | Villager (Male) |
| 4:59 | Create | Villager (Male) |
| 5:14 | Create | Villager (Male) |
| 5:15 | Create | Villager (Male) |
| 5:21 | Build | Mill |
| 5:24 | Create | Villager (Male) |
| 6:20 | Create | Villager (Male) |
| 6:20 | Create | Villager (Male) |
| 6:43 | Create | Villager (Male) |
| 6:45 | Create | Villager (Male) |
| 7:12 | Create | Villager (Male) |
| 7:12 | Create | Villager (Male) |
| 7:30 | Create | Villager (Male) |
| 7:30 | Create | Villager (Male) |
| 7:40 | Create | Villager (Male) |
| 7:51 | Research | Feudal Age |
| 7:57 | Build | Mining Camp |
| 9:35 | Create | Villager (Male) |
| 9:35 | Create | Villager (Male) |
| 9:49 | Create | Villager (Male) |
| 10:01 | Age | Feudal Age |
| 10:11 | Build | Market |
| 10:14 | Build | Blacksmith |
| 11:28 | Create | Villager (Male) |
| 12:03 | Research | Castle Age |
| 12:32 | Build | Mining Camp |
| 12:52 | Research | Double-Bit Axe |
| 13:45 | Create | Villager (Male) |
| 14:13 | Create | Villager (Male) |
| 14:21 | Build | Farm |
| 14:22 | Build | Farm |
| 14:43 | Age | Castle Age |
| 14:53 | Create | Villager (Male) |
| 14:58 | Build | House |
| 15:33 | Build | Castle |
| 15:38 | Build | Stone Wall |
| 15:45 | Build | Gate |
| 15:49 | Build | Stone Wall |
| 16:11 | Build | Farm |
| 16:11 | Build | Farm |
| 16:11 | Build | Farm |
| 16:12 | Build | Farm |
| 16:12 | Build | Farm |
| 16:12 | Build | Farm |
| 16:22 | Build | Farm |
| 16:53 | Build | Farm |
| 16:53 | Build | Farm |
| 16:56 | Create | Villager (Male) |
| 17:28 | Create | Janissary |
| 17:29 | Create | Janissary |
| 17:41 | Build | Siege Workshop |
| 17:49 | Create | Janissary |
| 17:49 | Create | Janissary |
| 18:05 | Create | Villager (Male) |
| 18:11 | Create | Villager (Male) |
| 18:25 | Build | Monastery |
| 18:39 | Build | Mining Camp |
| 18:43 | Create | Mangonel |
| 18:51 | Create | Janissary |
| 18:51 | Create | Janissary |
| 18:57 | Create | Villager (Male) |
| 18:58 | Create | Villager (Male) |
| 19:00 | Build | Farm |
| 19:00 | Build | Farm |
| 19:00 | Build | Farm |
| 19:52 | Create | Janissary |
| 19:52 | Create | Janissary |
| 20:01 | Create | Villager (Male) |
| 20:04 | Build | Farm |
Match timeline
| 10:01 | Dragon--Dark · age_up feudal |
| 10:09 | CryAndDie · first_building Barracks |
| 12:10 | CryAndDie · age_up feudal |
| 12:14 | CryAndDie · first_building Archery Range |
| 14:43 | Dragon--Dark · age_up castle |
| 15:33 | Dragon--Dark · first_building Castle |
| 15:38 | Dragon--Dark · wall_segment Stone Wall x1 |
| 15:49 | Dragon--Dark · wall_segment Stone Wall x1 |
| 16:07 | CryAndDie · age_up castle |
| 17:20 | Dragon--Dark · first_market_sell 100 stone |
| 17:41 | Dragon--Dark · first_building Siege Workshop |
| 18:02 | Dragon--Dark · first_market_buy 100 food |
| 18:06 | CryAndDie · first_building Stable |
| 18:25 | Dragon--Dark · first_building Monastery |
| 20:12 | CryAndDie · resign |
[ AI ANALYSIS · 1 CREDIT ]
What really happened in this match?
Wolo.gg analyzes every decision: build order, eco, micro, common mistakes by bracket. Personalized analysis on WhatsApp or Discord in 30 seconds.
Civ guide
Burgundians
Map guide
Arena
Perfil
CryAndDie